 Dungeon Crawl Stone Soup version 0.21.1-1-g345015f (webtiles) character file.

179 Solrac the Shield-Bearer (level 5, -1/42 HPs)
             Began as a Formicid Fighter on Mar 20, 2018.
             Killed by divine providence
             ... invoked by an orc priest
              (12 damage)
             ... on level 3 of the Dungeon.
             The game lasted 00:11:32 (2311 turns).

Solrac the Shield-Bearer (Formicid Fighter)         Turns: 2311, Time: 00:11:33

Health: -1/42      AC:  7    Str: 20    XL:     5   Next: 90%
Magic:  5/5        EV:  8    Int: 12    God:
Gold:   69         SH:  9    Dex: 11    Spells: 4/4 levels left

rFire    . . .     SeeInvis +   a - +0 flail
rCold    . . .     Gourm    +   c - +0 shield
rNeg     . . .     Faith    .   b - +0 scale mail
rPois    .         Spirit   .   (helmet unavailable)
rElec    .         Reflect  .   (no cloak)
rCorr    .         Harm     .   (no gloves)
MR       .....                  (no boots)
Stlth    +.........             m - amulet of the gourmand
HPRegen  0.14/turn              t - +4 ring of intelligence
MPRegen  0.09/turn              s - ring of stealth

@: no status effects
A: permanent stasis, dig shafts and tunnels, four strong arms, antennae 3
a: Dig, Shaft Self


You were on level 3 of the Dungeon.
You were not hungry.

You visited 1 branch of the dungeon, and saw 3 of its levels.

You collected 69 gold pieces.

Inventory:

Hand Weapons
 a - a +0 flail (weapon)
Missiles
 k - 43 stones (quivered)
Armour
 b - a +0 scale mail (worn)
 c - a +0 shield (worn)
Jewellery
 m - an amulet of the gourmand (around neck)
 n - an uncursed ring of see invisible
 s - a ring of stealth (right hand)
 t - a +4 ring of intelligence (left hand)
Scrolls
 e - a scroll of noise {unknown}
 h - a scroll of teleportation {unknown}
 o - a scroll of enchant weapon {unknown}
 p - a scroll of immolation {unknown}
 r - a scroll of remove curse {unknown}
Potions
 d - a potion of might
 g - a potion of flight {unknown}
 i - a potion of agility {unknown}
 j - a potion of degeneration {unknown}
 l - a potion of ambrosia {unknown}
 q - 2 potions of lignification {unknown}
Comestibles
 f - 7 rations


   Skills:
 + Level 4.2 Fighting
 * Level 3.8 Maces & Flails
 + Level 4.1 Armour
 + Level 4.6 Shields


You had 4 spell levels left.
You didn't know any spells.

Dungeon Overview and Level Annotations

Branches:
Dungeon (3/15)

Altars:
Hepliaklqana
Xom


Innate Abilities, Weirdness & Mutations

You cannot be hasted, slowed, berserked, paralysed or teleported.
You can dig through walls and to a lower floor.
Your four strong arms can wield two-handed weapons with a shield.
You have a pair of large antennae on your head. (SInv)


Message History

You sock the orc priest!
The orc priest is almost dead.
The orc priest barely misses you.
The orc priest looks satisfied for a moment.
You completely miss the orc priest.
The orc priest is almost dead.
The orc priest mumbles some strange prayers to Beogh against you.
Beogh smites you!
* * * LOW HITPOINT WARNING * * *
You barely miss the orc priest.
The orc priest is almost dead.
The orc priest hits you with a dagger.
* * * LOW HITPOINT WARNING * * *
The orc throws a tomahawk of dispersal.
You block the tomahawk of dispersal.
The orc priest looks encouraged for a moment.
You closely miss the orc priest.
The orc priest is almost dead.
The orc priest calls down the wrath of Beogh upon you.
Beogh smites you!
You die...

####. ### ....
...# ..#####....
#.........# ###
#..........
#.####.........#
#.<@oo.........#
{
#o####.รท!......#
#(## #.o.......#
#..# #..<......#
#..# ##########.
#..# ##.##
##.{#####.
#.........


You could see 2 orc priests and an orc.

Vanquished Creatures
  Jessica (D:2)
  Natasha (D:2)
  3 gnolls (D:3)
  5 adders (D:2)
  A worm (D:2)
  A dart slug (D:1)
  7 orcs
  2 ball pythons (D:2)
  5 goblins
  A hobgoblin (D:2)
  A quokka (D:2)
  9 bats
  4 frilled lizards
  5 kobolds
  4 rats
50 creatures vanquished.

Notes
Turn   | Place    | Note
-------+----------+-------------------------------------------
     0 | D:1      | Solrac the Formicid Fighter began the quest for the Orb.
     0 | D:1      | Reached XP level 1. HP: 18/18 MP: 1/1
   350 | D:1      | Reached XP level 2. HP: 24/24 MP: 2/2
   674 | D:2      | Noticed Jessica
   680 | D:2      | Noticed Natasha
   683 | D:1      | Reached XP level 3. HP: 5/29 MP: 3/3
  1111 | D:2      | Reached XP level 4. HP: 28/37 MP: 4/4
  1249 | D:2      | Killed Jessica
  1262 | D:2      | Reached XP level 5. HP: 39/42 MP: 5/5
  1454 | D:2      | Killed Natasha
  1585 | D:2      | Found a hazy altar of Hepliaklqana.
  1587 | D:2      | Found a shimmering altar of Xom.
  1587 | D:2      | Noticed a soldier ant
  1589 | D:2      | Noticed a spectral ugly thing
  1589 | D:2      | Noticed a soldier ant
  2311 | D:3      | Killed from afar by an orc priest

Skill      XL: |  1  2  3  4  5 |
---------------+----------------+-----
Shields        | 4 |  4.6
Maces & Flails | 3 |  3.8
Fighting       | 4 |  4.2
Armour         | 4 |  4.1

Action                   |  1- 3 |  4- 6 || total
-------------------------+-------+-------++-------
Melee: Flail             |    71 |   111 ||   182
  Eat: Chunk             |       |    18 ||    18
Armor: Scale mail        |    56 |    49 ||   105
Dodge: Dodged            |    51 |    38 ||    89
Block: Shield            |    72 |    68 ||   140
